 Dungeon Crawl Stone Soup version 0.19-a0-1457-g32fba05 (webtiles) character file.

32204 Drak the Party-goer (level 13, -4/82 HPs)
             Began as a Gargoyle Gladiator on Sept 6, 2016.
             Was a Believer of Uskayaw.
             Slain by a boulder beetle (32 damage)
             ... on level 6 of the Lair of Beasts.
             The game lasted 00:45:50 (14063 turns).

Drak the Party-goer (Gargoyle Gladiator)           Turns: 14063, Time: 00:45:50

Health: -4/82      AC: 22    Str: 19    XL:     13   Next: 63%
Magic:  21/21      EV: 15    Int: 17    God:    Uskayaw [**....]
Gold:   1043       SH:  0    Dex: 14    Spells: 0 memorised, 12 levels left

rFire  . . .     SeeInvis .     i - +5 dagger of Izumpo {flame, rElec rF- Int+3 Dex+4}
rCold  + . .     Gourm    .     R - +0 ring mail of Iheos {rC+ Slay+6}
rNeg   + . .     Faith    .     (no shield)
rPois  ∞         Spirit   .     c - +0 helmet
rElec  +         Dismiss  .     M - +0 cloak {rPois}
rCorr  .         Reflect  .     A - +1 pair of gloves
MR     .....     Harm     .     J - +0 pair of boots
Stlth  ++++......               u - amulet of regeneration
                                G - ring of fire
                                s - ring of protection from cold

@: no status effects
A: negative energy resistance 1, electricity resistance, unbreathing,
petrification resistance, rot immunity, AC +9
a: Stomp, Line Pass, Renounce Religion


You were on level 6 of the Lair of Beasts.
You worshipped Uskayaw.
Uskayaw was aware of your devotion.
You were not hungry.

You visited 3 branches of the dungeon, and saw 15 of its levels.
You also visited: Sewer.

You collected 1043 gold pieces.

Inventory:

Hand Weapons
 a - a +2 quarterstaff
 i - the +5 dagger of Izumpo (weapon) {flame, rElec rF- Int+3 Dex+4}
   (You found it on level 8 of the Dungeon)

   It has been specially enchanted to burn those struck by it, causing extra
   injury to most foes and up to half again as much damage against particularly
   susceptible opponents.
   It affects your intelligence (+3).
   It affects your dexterity (+4).
   It makes you vulnerable to fire.
   It insulates you from electricity.
 y - a +0 blowgun
Missiles
 d - 4 throwing nets (quivered)
 z - 43 poisoned needles
Armour
 c - a +0 helmet (worn)
 A - a +1 pair of gloves (worn)
 J - a +0 pair of boots (worn)
 M - a +0 cloak of poison resistance (worn)
 R - the +0 ring mail of Iheos (worn) {rC+ Slay+6}
   (You found it on level 8 of the Dungeon)

   It affects your accuracy and damage with ranged weapons and melee attacks
   (+6).
   It protects you from cold.
Jewellery
 s - a ring of protection from cold (left hand)
 u - an amulet of regeneration (around neck)
 F - an uncursed ring of resist corrosion
 G - a ring of fire (right hand)
Wands
 p - a wand of flame (33/48)
 B - a wand of acid (12/15)
 D - a wand of random effects (17/48)
 H - a wand of flame (14/48)
 K - a wand of flame (7/48)
 O - a wand of paralysis (9/24)
 P - a wand of random effects (11/48)
Scrolls
 b - 6 scrolls of noise {unknown}
 l - 8 scrolls of remove curse
 n - 4 scrolls of enchant armour {unknown}
 o - 3 scrolls of identify
 v - 4 scrolls of teleportation
 w - a scroll of fear
 L - a scroll of amnesia {unknown}
 Q - a scroll of recharging
 S - a scroll of enchant weapon
Potions
 e - a potion of cure mutation
 h - 2 potions of haste
 j - 2 potions of might
 k - 2 potions of invisibility
 m - 2 potions of berserk rage
 q - 3 potions of flight
 r - 3 potions of lignification
 x - 5 potions of curing
 E - a potion of brilliance
Books
 N - a book of Enchantments

   Spells                             Type                      Level
   a - Cause Fear                     Hexes                        4
   b - Yara's Violent Unravelling     Hexes/Transmutation          5
   c - Silence                        Hexes/Air                    5
   d - Deflect Missiles               Charms/Air                   6
   e - Haste                          Charms                       6
   f - Discord                        Hexes                        8
Miscellaneous
 I - a phial of floods
Comestibles
 f - 5 bread rations
 g - 9 meat rations
 t - 8 chunks of flesh
 C - 15 fruits
 T - 7 royal jellies


   Skills:
 - Level 10.1 Fighting
 - Level 6.0 Short Blades
 - Level 10.3 Staves
 - Level 1.7 Throwing
 - Level 9.0 Armour
 + Level 6.6 Dodging
 - Level 10.6 Stealth
 - Level 11.5 Invocations


You had 12 spell levels left.
You didn't know any spells.

Dungeon Overview and Level Annotations

Branches:
Dungeon (8/15)             Temple (1/1) D:4            Lair (6/6) D:8
  Swamp (0/4) Lair:3       Spider (0/4) Lair:3        Slime (0/5) Lair:5

Altars:
Ashenzari
Cheibriados
Dithmenos
Elyvilon
Fedhas
Gozag
Hepliaklqana
Kikubaaqudgha
Makhleb
Nemelex Xobeh
Okawaru
Qazlal
Sif Muna
Trog
Uskayaw
Vehumet
Xom
Yredelemnul
The Shining One


Innate Abilities, Weirdness & Mutations

You are resistant to torment.
Your stone body is resilient. (AC +9)
You are immune to poison.
You resist negative energy. (rN+)
You are resistant to electric shocks. (rElec)
You can survive without breathing.
You are immune to petrification.
You are immune to rotting.


Message History

The boulder beetle closely misses you.
You hit the boulder beetle but do no damage.
The boulder beetle is moderately wounded.
You puncture the boulder beetle! You burn the boulder beetle.
The boulder beetle is moderately wounded.
You hit the boulder beetle. You burn the boulder beetle.
The boulder beetle is heavily wounded.
The boulder beetle closely misses you.
You puncture the boulder beetle! You burn the boulder beetle.
The boulder beetle is heavily wounded.
You can now pass through a line of other dancers.
You hit the boulder beetle but do no damage.
The boulder beetle is heavily wounded.
The boulder beetle bites you!!
You hit the boulder beetle. You burn the boulder beetle.
The boulder beetle is severely wounded.
You hit the boulder beetle but do no damage.
The boulder beetle is severely wounded.
The boulder beetle bites you!!
You die...

..♣ .... #### ###### #....
####..## ##.##.#####....♣
#..#...###.#..#..#.P....♣♣
###.........B@............♣
#.....##.................♣
###....#..##PP...........♣
##..#.#..###P...........♣♣
#P...#....###............♣♣
#P..##....###.............♣
#...##.................♣♣♣
#....##.#..#P...........♣♣ ♣
##..####..P..PP..........♣♣♣♣


You could see a boulder beetle.

Vanquished Creatures
  The ghost of Lightli the Severer, a journeyman HOMo of Trog (Lair:4)
  The ghost of cerealjynx the Infuser, a journeyman DEFE of Vehumet (Lair:6)
  4 hydras
  Harold (Lair:1)
  An ice dragon (Lair:6)
  A catoblepas (Lair:5)
  A hill giant (D:7)
  5 elephants (Lair:6)
  Maurice (D:8)
  8 black mambas
  11 spiny frogs
  2 rime drakes
  4 komodo dragons
  3 meliai (Lair:5)
  A queen bee (Lair:5)
  14 blink frogs
  2 wyverns
  26 yaks
  4 hippogriffs
  A warg (D:8)
  Menkaure (D:5)
  15 water moccasins
  7 porcupines
  Purgy (Sewer)
  A black bear (D:6)
  An orc warrior (D:8)
  3 ice beasts
  A wolf (Lair:5)
  4 ogres
  2 centaurs
  9 crocodiles
  11 giant frogs
  A wyvern zombie (D:5)
  2 scorpions
  15 killer bees
  A howler monkey (D:4)
  8 wights
  4 electric eels (Lair:5)
  3 crimson imps
  A quasit (D:6)
  2 hounds
  An orc priest (D:8)
  5 jellies
  A gnoll shaman (D:6)
  6 orc wizards
  A centaur skeleton (D:8)
  Ijyb (D:2)
  6 iguanas
  10 worker ants
  A hound zombie (D:6)
  4 adders
  5 gnolls (D:6)
  34 river rats
  2 shadow imps (D:5)
  3 white imps (Lair:6)
  4 oozes (Lair:5)
  An adder zombie (D:6)
  2 adder skeletons
  3 worms (D:2)
  3 dart slugs
  8 giant geckos
  16 orcs
  9 bats
  5 giant cockroaches
  7 goblins
  5 hobgoblins
  4 jackals (D:4)
  9 kobolds
  3 quokkas
  A ball python (D:6)
  A giant gecko skeleton (D:7)
  7 giant newts
  A goblin zombie (D:5)
  2 hobgoblin zombies (D:5)
  2 kobold skeletons (D:5)
  An orc skeleton (D:5)
  2 orc zombies (D:5)
  9 rats
370 creatures vanquished.

Vanquished Creatures (others)
  A river rat (Lair:1)
  6 fungi
  3 plants
10 creatures vanquished.

Grand Total: 380 creatures vanquished

Notes
Turn   | Place    | Note
-------+----------+-------------------------------------------
     0 | D:1      | Drak the Gargoyle Gladiator began the quest for the Orb.
     0 | D:1      | Reached XP level 1. HP: 12/12 MP: 1/1
   105 | D:1      | Reached XP level 2. HP: 17/17 MP: 2/2
   969 | D:2      | Reached XP level 3. HP: 18/21 MP: 3/3
  1087 | D:2      | Noticed Ijyb
  1099 | D:2      | Killed Ijyb
  1138 | D:2      | Reached XP level 4. HP: 23/26 MP: 4/4
  1814 | D:2      | Reached skill level 5 in Staves
  2488 | D:3      | Found a glowing drain.
  2503 | Sewer    | Entered a sewer
  2610 | Sewer    | Noticed Purgy
  2623 | Sewer    | Killed Purgy
  2623 | Sewer    | Reached XP level 5. HP: 18/30 MP: 5/5
  2949 | D:3      | Reached skill level 1 in Armour
  2949 | D:3      | Reached XP level 6. HP: 35/35 MP: 6/6
  3320 | D:4      | Found a staircase to the Ecumenical Temple.
  3334 | Temple   | Entered the Ecumenical Temple
  3489 | Temple   | Became a worshipper of Uskayaw the Reveler
  3538 | D:4      | Reached * piety under Uskayaw
  3542 | D:4      | Reached ** piety under Uskayaw
  3552 | D:4      | Reached *** piety under Uskayaw
  3556 | D:4      | Reached **** piety under Uskayaw
  3813 | D:4      | Found a blossoming altar of Fedhas.
  3888 | D:4      | Reached XP level 7. HP: 33/42 MP: 7/7
  4001 | D:4      | Found a deep blue altar of Sif Muna.
  4159 | D:4      | Found a hazy altar of Hepliaklqana.
  4328 | D:4      | Reached skill level 5 in Armour
  4350 | D:5      | Entered Level 5 of the Dungeon
  4384 | D:5      | Reached skill level 5 in Fighting
  4384 | D:5      | Reached XP level 8. HP: 37/50 MP: 4/8
  4503 | D:5      | Found a glowing golden altar of the Shining One.
  4669 | D:5      | Noticed Menkaure
  4683 | D:5      | Killed Menkaure
  4683 | D:5      | Reached skill level 5 in Stealth
  5369 | D:6      | Reached ***** piety under Uskayaw
  5480 | D:6      | Reached XP level 9. HP: 54/54 MP: 9/9
  5537 | D:6      | Found a sparkling altar of Nemelex Xobeh.
  5537 | D:6      | Found an iron altar of Okawaru.
  5813 | D:6      | Found a bloodstained altar of Trog.
  6117 | D:7      | Noticed a hill giant
  6126 | D:7      | Killed a hill giant
  6126 | D:7      | Reached skill level 10 in Staves
  7031 | D:8      | Reached skill level 1 in Invocations
  7031 | D:8      | Reached XP level 10. HP: 63/63 MP: 10/10
  7043 | D:8      | Reached skill level 2 in Invocations
  7075 | D:8      | Found a shattered altar of Ashenzari.
  7102 | D:8      | Reached skill level 3 in Invocations
  7145 | D:8      | Got a scorched dagger
  7149 | D:8      | Identified the +5 dagger of Izumpo {flame, rElec rF- Int+3 Dex+4} (You found it on level 8 of the Dungeon)
  7194 | D:8      | Found a staircase to the Lair.
  7194 | D:8      | Noticed Maurice
  7214 | D:8      | Reached skill level 1 in Short Blades
  7259 | D:8      | Reached ****** piety under Uskayaw
  7270 | D:8      | Killed Maurice
  7756 | D:8      | Got a smoking ring mail
  7757 | D:8      | Identified the +0 ring mail of Iheos {rC+ Slay+6} (You found it on level 8 of the Dungeon)
  7828 | Lair:1   | Entered Level 1 of the Lair of Beasts
  7839 | Lair:1   | Noticed Harold
  7857 | Lair:1   | Killed Harold
  8052 | Lair:1   | Got a slimy garnet amulet
  8053 | Lair:1   | Identified the amulet of Onwuow Beca {Inacc +Inv Dex+2} (You found it on level 1 of the Lair of Beasts)
  8335 | Lair:1   | Reached XP level 11. HP: 67/67 MP: 13/13
  8657 | Lair:2   | Reached skill level 4 in Invocations
  8719 | Lair:2   | Reached skill level 5 in Invocations
  8784 | Lair:2   | Reached skill level 6 in Invocations
  9294 | Lair:3   | Found a hole to the Spider Nest.
  9347 | Lair:3   | Reached skill level 7 in Invocations
  9413 | Lair:3   | Found a staircase to the Swamp.
  9674 | Lair:3   | Reached skill level 8 in Invocations
 10058 | Lair:3   | Noticed a griffon
 10106 | Lair:4   | Reached skill level 9 in Invocations
 10131 | Lair:4   | Noticed Lightli's ghost (journeyman HOMo)
 10166 | Lair:4   | Killed Lightli's ghost
 10306 | Lair:4   | Reached skill level 10 in Invocations
 10443 | Lair:4   | Reached XP level 12. HP: 71/72 MP: 19/19
 11200 | Lair:6   | Entered Level 6 of the Lair of Beasts
 11308 | Lair:6   | Reached skill level 5 in Dodging
 11348 | Lair:5   | Noticed a seven-headed hydra
 11356 | Lair:5   | Killed a seven-headed hydra
 12143 | Lair:5   | Found a staircase to the Slime Pits.
 12256 | Lair:5   | Reached skill level 10 in Fighting
 12304 | Lair:5   | Noticed a five-headed hydra
 12315 | Lair:5   | Killed a five-headed hydra
 12657 | Lair:6   | Reached skill level 5 in Short Blades
 12688 | Lair:6   | Reached XP level 13. HP: 54/82 MP: 8/20
 12710 | Lair:6   | Reached skill level 10 in Stealth
 12778 | Lair:6   | Noticed an ice dragon
 12878 | Lair:6   | Killed an ice dragon
 12879 | Lair:6   | Noticed cerealjynx's ghost (journeyman DEFE)
 13108 | Lair:6   | Reached skill level 11 in Invocations
 13485 | Lair:6   | Killed cerealjynx's ghost
 14063 | Lair:6   | Slain by a boulder beetle

Vault maps used:
D:1:      dpeg_arrival_round_a, minivault_23, corexii_hall_statues_x,
          minmay_misc_feat_roman, minmay_tromino_mix6
D:2:      uniq_iyjb
D:3:      lemuel_upstairs_altar, portal_sewer_entry_f
D:4:      kennysheep_little_box, overflow_temple_1_default, led_sif_pool
D:5:      nicolae_tso_besieged_by_evil, first_bread, uniq_menkaure
D:6:      black_bear_nest_2, nicolae_overflow_hidden_temple,
          gammafunk_temple_overflow_wave, st_stairs_14
D:8:      nicolae_ashenzari_panopticon, erik_lair_orcish_takeover, uniq_maurice
Temple:   nicolae_temple_hex_pool
Lair:1:   serial_bayou_lagoon_b, grunt_megastairs_2,
          infiniplex_staircase_pool_2, uniq_harold
Lair:3:   swamp_mist, spider_nest_entry_web_field
Lair:4:   lemuel_fruit_fields
Lair:5:   statuecave_lemuel, nicolae_slime_entry_slimehenge, special_room,
          st_stairs_12, disabler_island
Lair:6:   evil_forest, bobbens_ice_dragon_lair, serial_bayou_shore_b
Sewer:    kennysheep_door_sewer

Skill      XL: |  1  2  3  4  5  6  7  8  9 10 11 12 13 |
---------------+----------------------------------------+-----
Staves         | 4 6 7 10 | 10.3
Armour         | 1 3 5 6 7 8 9 |  9.0
Fighting       | 3 5 7 10 | 10.1
Stealth        | 6 9 10 | 10.6
Invocations    | 1 3 10 11 | 11.5
Short Blades   | 4 6 |  6.0
Dodging        | 3 6 |  6.6
Throwing       | |  1.7

Action                   |  1- 3 |  4- 6 |  7- 9 | 10-12 | 13-15 || total
-------------------------+-------+-------+-------+-------+-------++-------
Melee: Quarterstaff      |    85 |   194 |   383 |    32 |       ||   694
       Dagger            |       |       |       |   649 |   248 ||   897
Throw: Throwing net      |       |     3 |     3 |     1 |       ||     7
Invok: Stomp             |       |       |     3 |     6 |     1 ||    10
       Line Pass         |       |       |     1 |     1 |       ||     2
       Grand Finale      |       |       |       |     1 |     1 ||     2
Evoke: Wand              |       |       |     2 |     1 |       ||     3
  Use: Potion            |       |     6 |     1 |     6 |     1 ||    14
       Scroll            |       |       |     5 |    16 |     1 ||    22
 Stab: Paralysed         |       |     2 |     8 |    35 |    13 ||    58
       Confused          |       |       |     1 |     2 |     1 ||     4
       Held in net/web   |       |       |     1 |     1 |       ||     2
       Sleeping          |       |       |     2 |    25 |     1 ||    28
       Invisible         |       |       |       |     3 |       ||     3
  Eat: Chunk             |     1 |     7 |     8 |    13 |     5 ||    34
       Royal jelly       |       |     1 |       |     2 |       ||     3
       Beef jerky        |       |       |     1 |     1 |     1 ||     3
       Fruit             |       |       |     2 |     1 |       ||     3
       Pizza             |       |       |       |     1 |       ||     1
Armor: Leather armour    |    29 |    69 |    43 |       |       ||   141
       Skin              |       |     2 |       |       |       ||     2
       Scale mail        |       |       |   128 |    66 |       ||   194
       Ring mail         |       |       |       |   250 |    98 ||   348
Dodge: Dodged            |    56 |   111 |   199 |   389 |   102 ||   857
